 Dungeon Crawl Stone Soup version 0.31-a0-167-g1c394c0614 (webtiles) character file.

Game seed: 1662334101462420295

5258 mopl the Cleaver (level 10, 0/123 HPs)
             Began as a Demonspawn Fighter on June 14, 2023.
             Was a Follower of Makhleb.
             Succumbed to Erica's bolt of poison
             ... on level 8 of the Dungeon.
             The game lasted 00:11:31 (7688 turns).

mopl the Cleaver (Demonspawn Fighter)               Turns: 7688, Time: 00:11:32

Health: 0/123      AC: 19    Str: 21    XL:     10   Next: 36%
Magic:  12/12      EV: 10    Int: 10    God:    Makhleb [*.....]
Gold:   426        SH:  9    Dex: 12    Spells: 7/9 levels left

rFire   . . .        a - +0 war axe
rCold   . . .        c - +0 buckler
rNeg    . . .        A - +0 chain mail
rPois   .            i - +0 helmet
rElec   .            r - +0 cloak
rCorr   .            (no gloves)
SInv    .            (no boots)
Will    +....        e - amulet of reflection Stlth
                     s - ring of willpower
HPRegen 0.40/turn    F - +4 ring of protection
MPRegen 0.13/turn

%: reflection
@: berserking, lethally poisoned (0 -> -5), very quick
A: claws 2, rugged brown scales 3
a: Renounce Religion


You were on level 8 of the Dungeon.
You worshipped Makhleb.
Makhleb was aware of your devotion.
You visited 2 branches of the dungeon, and saw 9 of its levels.
You also visited: Sewer.

You collected 426 gold pieces.

Inventory:

Hand Weapons
 a - a +0 war axe (weapon)
 b - a +1 hand axe of flaming
 E - a +5 trident of flaming
Missiles
 j - 5 poisoned darts (quivered)
 v - 3 atropa-tipped darts
Armour
 c - a +0 buckler (worn)
 i - a +0 helmet (worn)
 r - a +0 cloak (worn)
 A - a +0 chain mail (worn)
Jewellery
 e - an amulet of reflection (around neck)
 s - a ring of willpower (left claw)
 F - a +4 ring of protection (right claw)
Wands
 t - a wand of charming (12)
Scrolls
 f - a scroll of vulnerability {unknown}
 g - a scroll of revelation {unknown}
 o - 2 scrolls of poison {unknown}
 w - a scroll of blinking {unknown}
 x - a scroll of teleportation
 y - a scroll of brand weapon {unknown}
 B - a scroll of noise {unknown}
 C - a scroll of immolation {unknown}
Potions
 d - 4 potions of might
 h - 8 potions of curing
 k - 2 potions of haste
 l - 2 potions of magic {unknown}
 m - 3 potions of mutation {unknown}
 n - a potion of invisibility {unknown}
 p - 2 potions of heal wounds
 q - a potion of cancellation
 u - 2 potions of lignification {!q}
 z - 5 potions of resistance {unknown}


   Skills:
 + Level 6.9 Fighting
 * Level 8.3 Axes
 + Level 3.6 Throwing
 + Level 6.3 Armour
 + Level 5.4 Dodging
 - Level 2.6 Shields
 + Level 3.8 Invocations
 + Level 3.9 Evocations


You had 7 spell levels left.
You knew the following spells:

 Your Spells              Type           Power      Damage    Failure   Level
w - Wereblood             Tmut           0%         N/A       99%         2

Your spell library contained the following spells:

 Spells                   Type           Power      Damage    Failure   Level
 Beastly Appendage        Tmut           0%         N/A       96%         1
 Ensorcelled Hibernation  Hex/Ice        0%         N/A       99%         2
 Spider Form              Tmut/Pois      0%         N/A       100%        3
 Volatile Blastmotes      Fire/Tloc      0%         2d10      100%        3
 Anguish                  Hex/Necr       0%         N/A       100%        4
 Animate Armour           Summ/Erth      0%         N/A       100%        4
 Summon Horrible Things   Summ           0%         N/A       100%        8


Dungeon Overview and Level Annotations

Branches:
Dungeon (8/15)             Temple (1/1) D:7           Sewer (visited)
   Lair: D:8-11

Altars:
Ashenzari
Cheibriados
Dithmenos
Fedhas
Gozag
Hepliaklqana
Kikubaaqudgha
Makhleb
Nemelex Xobeh
Okawaru
Qazlal
Ru
Sif Muna
Trog
Uskayaw
Vehumet
Wu Jian
Xom
Yredelemnul

Shops:
D:6 =

Annotations:
D:3 1 runed translucent door, Crazy Yiuf
D:6 3 runed translucent doors, KimchiStew's ghost, weakling KoDe; t4s4d4r's ghost, novice DgFi


Innate Abilities, Weirdness & Mutations

You have very sharp fingernails.
You are completely covered in rugged brown scales. (AC +3, +7% HP)


Message History

Erica is moderately wounded.
You feel sick. Erica hits you but does no damage.
You hit Erica.
Erica is moderately wounded.
You feel sick.
You are no longer poisoned.
Erica casts a spell at you. The bolt of poison hits you!
You are poisoned.
Really quaff
D - a potion of berserk rage {!q}?
A red film seems to cover your vision as you go berserk!
You feel yourself moving faster!
You feel mighty!
You feel very sick. Erica hits you but does no damage.
Unknown command.
You hit Erica.
Erica is heavily wounded.
You feel sick.
Erica hits you with a +0 scimitar of flaming!
* * * LOW HITPOINT WARNING * * *
Erica burns you.
* * * LOW HITPOINT WARNING * * *
You slash Erica!
Erica is severely wounded.
You feel sick.
Unknown command.
You slash Erica!
Erica is severely wounded.
You feel sick.
Erica hits you with a +0 scimitar of flaming!
* * * LOW HITPOINT WARNING * * *
Erica burns you.
* * * LOW HITPOINT WARNING * * *
You slice Erica!!
You kill Erica!
Makhleb accepts your kill.
* * * LOW HITPOINT WARNING * * *
You feel sick.
You are too berserk!
You die...

#....{##...# #...#
#.....###'#######Y.# ###'###
#.Y.†Y#....# #########.#
#####...#..# ######........F#
##._..># #........#######
#..#.## #........###### ##...#
#........##)..############.###
#.........'....@...........#
######'#.##............#####
#.#.####..........#
#.#....#..........#
#.####.#..........# #.#
#.#..........#
#.####.#.......~..#
#......+..........#
########..........#


There were no monsters in sight!

Vanquished Creatures
  Erica (D:8)
  Pikel (Temple)
  Prince Ribbit (D:5)
  12 yaks
  Eustachio (D:4)
  Menkaure (D:5)
  A water moccasin (D:7)
  A sky beast (D:7)
  2 black bears
  2 ogres
  A centaur (D:5)
  3 lemures (Temple)
  5 bullfrogs
  A gnoll sergeant (D:6)
  2 scorpions
  A howler monkey (D:6)
  A gnoll bouda (D:6)
  3 hounds
  6 orc priests
  A jelly (D:6)
  2 sleepcaps
  2 iguanas
  2 orc wizards
  Ijyb (D:3)
  A mummy (D:5)
  7 gnolls
  17 adders
  3 river rats (Sewer)
  A shadow imp (D:5)
  A white imp (D:7)
  5 worms
  A dart slug (D:4)
  27 orcs
  12 endoplasms
  6 giant cockroaches
  10 goblins
  8 hobgoblins
  5 quokkas
  14 ball pythons
  4 bats
  8 frilled lizards
  2 hobgoblin zombies (D:5)
  A kobold (D:1)
  2 orc zombies (D:5)
  33 rats
222 creatures vanquished.

Notes
Turn   | Place    | Note
-------+----------+-------------------------------------------
     0 | D:1      | mopl the Demonspawn Fighter began the quest for the Orb.
     0 | D:1      | Reached XP level 1. HP: 18/18 MP: 1/1
   152 | D:1      | Reached skill level 2 in Axes
   199 | D:1      | Gained mutation: You are partially covered in rugged brown
                  | scales. (AC +1, +3% HP) [demonic ancestry]
   199 | D:1      | Reached XP level 2. HP: 18/24 MP: 2/2
   626 | D:2      | Reached skill level 3 in Armour
   626 | D:2      | Gained mutation: You have sharp fingernails. [demonic
                  | ancestry]
   626 | D:2      | Reached XP level 3. HP: 22/29 MP: 3/3
   685 | D:2      | Reached skill level 1 in Dodging
   720 | D:2      | Found a faded altar of an unknown god.
   750 | D:2      | Reached XP level 4. HP: 33/36 MP: 4/4
  1239 | D:3      | Found an iron altar of Okawaru.
  1303 | D:3      | Found a shimmering altar of Xom.
  1308 | D:3      | Found a hazy altar of Hepliaklqana.
  1309 | D:3      | Found a snail-covered altar of Cheibriados.
  1314 | D:3      | Found an ornate altar of the Wu Jian Council.
  1322 | D:3      | Reached skill level 3 in Axes
  1406 | D:3      | Noticed Ijyb
  1419 | D:3      | Killed Ijyb
  1893 | D:3      | Found a runed translucent door.
  1894 | D:3      | Noticed Crazy Yiuf
  1948 | D:3      | Reached XP level 5. HP: 43/43 MP: 5/5
  1974 | D:4      | Reached skill level 2 in Dodging
  2083 | D:4      | Found a glowing drain.
  2095 | D:4      | Reached skill level 4 in Fighting
  2115 | D:4      | Gained mutation: You are mostly covered in rugged brown
                  | scales. (AC +2, +5% HP) [demonic ancestry]
  2115 | D:4      | Reached XP level 6. HP: 38/50 MP: 6/6
  2137 | Sewer    | Entered a sewer
  2167 | Sewer    | Reached skill level 4 in Axes
  2421 | Sewer    | Reached skill level 4 in Armour
  2425 | Sewer    | Reached XP level 7. HP: 16/57 MP: 7/7
  2795 | D:4      | Noticed Eustachio
  2830 | D:4      | Killed Eustachio
  2831 | D:4      | Reached skill level 5 in Axes
  2831 | D:4      | Reached skill level 3 in Dodging
  3330 | D:5      | Entered Level 5 of the Dungeon
  3472 | D:5      | Noticed Menkaure
  3640 | D:5      | Killed Menkaure
  3641 | D:5      | Reached skill level 5 in Fighting
  3793 | D:5      | Noticed Prince Ribbit
  3803 | D:5      | Gained mutation: You have very sharp fingernails. [demonic
                  | ancestry]
  3803 | D:5      | Reached XP level 8. HP: 41/65 MP: 8/8
  3804 | D:5      | Killed Prince Ribbit
  3805 | D:5      | Reached skill level 6 in Axes
  4035 | D:5      | Reached skill level 5 in Armour
  4297 | D:5      | Reached skill level 4 in Dodging
  4918 | D:5      | Found a shadowy altar of Dithmenos.
  4940 | D:5      | Found a blossoming altar of Fedhas.
  5100 | D:6      | Found a runed translucent gate.
  5100 | D:6      | Found a runed translucent gate.
  5100 | D:6      | Found a runed translucent gate.
  5139 | D:6      | Reached skill level 1 in Throwing
  5139 | D:6      | Reached skill level 1 in Evocations
  5182 | D:6      | Found Ciqyxun's Jewellery Boutique.
  5243 | D:6      | Got Wonuifab's Precepts of the Pyre and Company
  5247 | D:6      | Learned a level 2 spell: Wereblood
  5620 | D:6      | Noticed t4s4d4r's ghost (novice DgFi)
  5620 | D:6      | Noticed KimchiStew's ghost (weakling KoDe)
  6094 | D:7      | Found a staircase to the Ecumenical Temple.
  6153 | D:6      | Gained mutation: You are completely covered in rugged brown
                  | scales. (AC +3, +7% HP) [demonic ancestry]
  6153 | D:6      | Reached XP level 9. HP: 26/73 MP: 9/9
  6340 | D:7      | Noticed Pikel
  6347 | Temple   | Entered the Ecumenical Temple
  6431 | Temple   | Killed Pikel
  6432 | Temple   | Reached skill level 6 in Fighting
  6432 | Temple   | Reached skill level 7 in Axes
  6432 | Temple   | Reached skill level 2 in Throwing
  6432 | Temple   | Reached skill level 2 in Evocations
  6569 | D:7      | Found a burning altar of Makhleb.
  6583 | D:7      | Became a worshipper of Makhleb the Destroyer
  6717 | D:7      | Reached skill level 1 in Invocations
  6929 | D:6      | Reached skill level 2 in Invocations
  6929 | D:6      | Reached skill level 3 in Evocations
  7016 | D:7      | Reached skill level 5 in Dodging
  7031 | D:7      | Reached skill level 3 in Throwing
  7032 | D:7      | Reached skill level 6 in Armour
  7338 | D:8      | Found a stormy altar of Qazlal.
  7373 | D:8      | Noticed Erica
  7383 | D:8      | Reached XP level 10. HP: 80/82 MP: 12/12
  7388 | D:8      | Reached skill level 3 in Invocations
  7396 | D:8      | Reached * piety under Makhleb
  7442 | D:7      | Reached skill level 8 in Axes
  7686 | D:8      | HP: 3/123 [Erica/+0 scimitar of flaming (5)]
  7687 | D:8      | Killed Erica
  7687 | D:8      | HP: 1/123 [poisoned by Erica (bolt of poison)]
  7688 | D:8      | Succumbed to Erica's bolt of poison

Illustrated notes

Levels and vault maps discovered:
D:1:      saegor_arrival_simple_a, layout_basic, corner_web_ring
D:2:      layout_basic, basic_ecumenical_altar
D:3:      layout_basic, mainiacjoe_overflow_24_doors,
          grunt_temple_overflow_open, guppyfry_early_orc_mine,
          uniq_crazy_yiuf_cottage, uniq_ijyb
D:4:      layout_basic, serial_curves, eino_curves_03, eino_curves_03,
          cheibrodos_sewer_entry_sluice, uniq_eustachio
D:5:      layout_layer_cave, fedhas_altar_4, mainiacjoe_overflow_alcove_2,
          nrook_uturn, minmay_misc_feat_square, minmay_mini_ossuary,
          uniq_menkaure, uniq_prince_ribbit1
D:6:      layout_basic, serial_shops, shop, gammafunk_ghost_cemetery
D:7:      layout_gridville, mainiacjoe_overflow_tiny_flanked,
          minmay_temple_entry_mist, uniq_pikel
D:8:      layout_basic, hangedman_feature_mirror, hangedman_decor_peaks_small,
          nicolae_elemental_shop, minmay_manual_mandibuliform, uniq_erica,
          uniq_amaemon
Temple:   nicolae_temple_ecumenical_triangle

Skill      XL: |  1  2  3  4  5  6  7  8  9 10 |
---------------+-------------------------------+-----
Axes           | 2 3 4 5 6 7 8 |  8.3
Armour         | 3 4 5 6 |  6.3
Dodging        | 1 2 3 4 5 |  5.4
Fighting       | 4 5 6 |  6.9
Throwing       | 1 3 |  3.6
Evocations     | 1 3 |  3.9
Invocations    | 2 3 |  3.8
Shields        | |  2.6

Action                     |  1- 3 |  4- 6 |  7- 9 | 10-12 || total
---------------------------+-------+-------+-------+-------++-------
  Melee: War axe           |   101 |   248 |   445 |    64 ||   858
    Use: Scroll            |       |     8 |     1 |       ||     9
         Potion            |       |     2 |       |     1 ||     3
 Armour: Scale mail        |    44 |   120 |    31 |       ||   195
         Chain mail        |       |       |   183 |    24 ||   207
  Dodge: Dodged            |    33 |    96 |   172 |    17 ||   318
  Block: Buckler           |    33 |   134 |   243 |    25 ||   435
         Reflection        |       |       |     2 |       ||     2

Table legend: (Time is in decaauts)
 A = Elapsed time spent in this place.
 B = Non-inter-level travel time spent in this place.
 C = Inter-level travel time spent in this place.
 D = Time resting spent in this place.
 E = Time spent auto-exploring this place.
 F = Levels seen in this place.
 G = Mean time per level.
                   A        B        C        D        E       F      G
               +--------+--------+--------+--------+--------+-----+--------+
         Total |   7980 |   7811 |    169 |   1403 |   4301 |  10 |  798.0 |
       Dungeon |   7340 |   7184 |    156 |   1243 |   4231 |   8 |  917.5 |
        Temple |     92 |     79 |     13 |     10 |      0 |   1 |   92.0 |
         Sewer |    547 |    547 |      0 |    150 |     70 |   1 |  547.0 |
               +--------+--------+--------+--------+--------+-----+--------+

Top non-repeatable levels by time:
     D:5: 1671 daAuts
     D:7: 1208 daAuts
     D:6: 1157 daAuts
     D:4: 1070 daAuts
     D:3: 809 daAuts
     D:2: 668 daAuts
     D:1: 558 daAuts
   Sewer: 547 daAuts
     D:8: 196 daAuts
  Temple: 92 daAuts
